 Dungeon Crawl Stone Soup version 0.28-a0-973-ga7f8b01127 (webtiles) character file.

Game seed: 1184793632658175852

191 browni3141 the Skirmisher (level 5, -1/66 (69) HPs)
             Began as a Demigod Fighter on Dec 1, 2021.
             Succumbed to Crazy Yiuf's poison
             ... on level 3 of the Dungeon.
             The game lasted 00:02:49 (2833 turns).

browni3141 the Skirmisher (Demigod Fighter)         Turns: 2833, Time: 00:02:49

HP:   -1/66 (69)    AC: 22    Str: 17    XL:     5   Next: 18%
MP:   5/7           EV:  2    Int: 10    God:
Gold: 56            SH:  5    Dex: 17    Spells: 4/4 levels left

rFire   . . .      SeeInvis +   a - +0 long sword
rCold   . . .      Faith    .   c - +0 buckler
rNeg    . . .      Spirit   .   (armour currently unavailable)
rPois   +          Reflect  .   (helmet currently unavailable)
rElec   .          Harm     .   (cloak currently unavailable)
rCorr   +          Rampage  .   (gloves currently unavailable)
Will    .....      NoTele   +   (boots currently unavailable)
Stlth   ++........              (no amulet)
HPRegen 0.21/turn               f - ring of resist corrosion
MPRegen 0.10/turn               m - ring of see invisible

@: lethally poisoned (-1 -> -10), tree-form, lightly drained
A: stationary, stasis, torment immunity, boosted hp, high mp 1, forlorn, divine
attributes
a: no special abilities


You were on level 3 of the Dungeon.
You were a tree.
You visited 1 branch of the dungeon, and saw 3 of its levels.

You collected 56 gold pieces.

Inventory:

Hand Weapons
 a - a +0 long sword (weapon)
Missiles
 g - 14 bolts
 h - 59 sling bullets
 k - 28 poisoned darts (quivered)
Armour
 b - a +0 scale mail (melded)
 c - a +0 buckler (worn)
Jewellery
 f - a ring of resist corrosion (left branch)
 m - a ring of see invisible (right branch)
Scrolls
 e - a scroll of acquirement {unknown}
 j - 2 scrolls of identify {unknown}
 q - a scroll of vulnerability {unknown}
Potions
 i - 2 potions of lignification
 l - a potion of degeneration {unknown}
 n - a potion of curing {unknown}
 o - a potion of brilliance {unknown}
 p - 2 potions of cancellation {unknown}
 r - a potion of attraction {unknown}


   Skills:
 * Level 3.9 Fighting
 - Level 1.7 Long Blades
 * Level 3.9 Armour
 * Level 2.5 Dodging
 - Level 2.6 Shields


You had 4 spell levels left.
You didn't know any spells.
Your spell library was empty.

Dungeon Overview and Level Annotations

Branches:
Dungeon (3/15)

Annotations:
D:3 Crazy Yiuf


Innate Abilities, Weirdness & Mutations

You are a tree.
Your roots penetrate the ground, keeping you stationary.
You cannot be teleported.
You are immune to unholy pain and torment.
Your maximum health is greatly increased.
Your equipment is partially melded.
You have an increased reservoir of magic. (+10% MP)
You shall have no god before yourself.
Your divine heritage dramatically boosts your attributes as you level up.


Message History

Throw: 29 darts (poison)
Press: ? - help, Q - select action Shift-Dir - straight line, f - Crazy Yiuf
Aim: Crazy Yiuf, wielding a +4 quarterstaff of chaos and wearing a +1 cloak (slightly transparent, 64% to hit)
You throw a poisoned dart. The poisoned dart hits Crazy Yiuf.
Crazy Yiuf is poisoned.
You closely miss Crazy Yiuf. Crazy Yiuf misses you.
Crazy Yiuf barely misses you.
You hit Crazy Yiuf.
Crazy Yiuf is moderately wounded.
Crazy Yiuf hits you with a +4 quarterstaff of chaos.
You feel your power leaking away.
You closely miss Crazy Yiuf.
Crazy Yiuf is moderately wounded.
Crazy Yiuf hits you with a +4 quarterstaff of chaos!
You feel drained.
You slash Crazy Yiuf!
Crazy Yiuf is severely wounded.
Crazy Yiuf looks more healthy.
Crazy Yiuf closely misses you. You block Crazy Yiuf's attack.
You barely miss Crazy Yiuf.
Crazy Yiuf is severely wounded.
Crazy Yiuf grits, "Announcement infinity illywillydillykilly!"
Crazy Yiuf hits you with a +4 quarterstaff of chaos!
Crazy Yiuf freezes you.
You barely miss Crazy Yiuf.
Crazy Yiuf is severely wounded.
Crazy Yiuf hits you with a +4 quarterstaff of chaos!
Crazy Yiuf freezes you.
* * * LOW HITPOINT WARNING * * *
Unknown command.
You barely miss Crazy Yiuf.
Crazy Yiuf is severely wounded.
Crazy Yiuf hits you with a +4 quarterstaff of chaos!
* * * LOW HITPOINT WARNING * * *
You are lethally poisoned!
Unknown command.
It was a potion of lignification.
You turn into a tree.
Your +0 scale mail melds into your body.
Your roots penetrate the ground.
You die...

#........'.......#
#.....#.#
####.#####....####
##....#.# #.# #....#
#....#.# #.# ######
##.###.# #.# #..##.#
#.# ##.##.# #.####♣♣
### #..#..
#####......♣♣ ♣♣#..)#
##.#..
....#.......♣♣♣♣♣g(..#
######.#..
....+.#......♣..♣#...#
#.........
....####....♣.♣♣♣ ###
#######..#
........##♣♣♣♣♣
#........# .....####
#######..# ####.#
##### ####........#
#.# #.#.#
#..######...# #.#
#.#.# #..#.......>#
#.# #.#.#
#..#......#.#


You could see Crazy Yiuf (invisible).

Vanquished Creatures
  An orc priest (D:3)
  An orc wizard (D:3)
  A hound skeleton (D:3)
  6 adders
  2 dart slugs
  8 orcs (D:3)
  5 ball pythons
  2 bats (D:2)
  2 endoplasms (D:1)
  2 giant cockroaches
  6 hobgoblins
  7 jackals
  A quokka (D:1)
  4 frilled lizards
  2 goblins
  4 kobolds
  6 rats
60 creatures vanquished.

Notes
Turn   | Place    | Note
-------+----------+-------------------------------------------
     0 | D:1      | browni3141 the Demigod Fighter began the quest for the Orb.
     0 | D:1      | Reached XP level 1. HP: 18/18 MP: 3/3
   318 | D:1      | Reached XP level 2. HP: 25/25 MP: 4/4
   434 | D:1      | Reached skill level 1 in Dodging
  1080 | D:2      | Reached XP level 3. HP: 28/31 MP: 5/5
  1620 | D:3      | Reached XP level 4. HP: 25/38 MP: 6/6
  1875 | D:3      | Reached XP level 5. HP: 4/46 MP: 7/7
  2629 | D:3      | Found a runed translucent door.
  2630 | D:3      | Noticed Crazy Yiuf
  2832 | D:3      | HP: 1/44 [Crazy Yiuf (11)]
  2833 | D:3      | Succumbed to Crazy Yiuf's poison

Illustrated notes

Levels and vault maps discovered:
D:1:      ncdulo_lavacross, layout_rooms,
          shapermc_ecumenical_altar_totnotflames, minmay_crystal_water
D:2:      layout_basic
D:3:      layout_basic, nicolae_ru_awakened_eye, uniq_crazy_yiuf_cottage

Skill      XL: |  1  2  3  4 |
---------------+-------------+-----
Armour         | 3 |  3.9
Fighting       | 3 |  3.9
Dodging        | 1 2 |  2.5
Long Blades    | |  1.7
Shields        | |  2.6

Action                   |  1- 3 |  4- 6 || total
-------------------------+-------+-------++-------
Melee: Long sword        |   121 |    88 ||   209
Throw: Dart              |       |     1 ||     1
  Use: Potion            |       |     2 ||     2
Armor: Scale mail        |    60 |    26 ||    86
Dodge: Dodged            |    87 |    48 ||   135
Block: Buckler           |    39 |    21 ||    60

Table legend: (Time is in decaauts)
 A = Elapsed time spent in this place.
 B = Non-inter-level travel time spent in this place.
 C = Inter-level travel time spent in this place.
 D = Time resting spent in this place.
 E = Time spent auto-exploring this place.
 F = Levels seen in this place.
 G = Mean time per level.
                   A        B        C        D        E       F      G
               +--------+--------+--------+--------+--------+-----+--------+
         Total |   2904 |   2878 |     26 |    190 |   2178 |   3 |  968.0 |
       Dungeon |   2904 |   2878 |     26 |    190 |   2178 |   3 |  968.0 |
               +--------+--------+--------+--------+--------+-----+--------+

Top non-repeatable levels by time:
     D:3: 1568 daAuts
     D:1: 952 daAuts
     D:2: 383 daAuts
